 Dungeon Crawl Stone Soup version 0.21-a0-273-g0785366 (webtiles) character file.

61 Lavandula the Ruffian (level 4, 0/36 HPs)
             Began as a Ghoul Warper on Sept 16, 2017.
             Slain by Crazy Yiuf
             ... wielding a +3 quarterstaff of chaos
              (11 damage)
             ... on level 3 of the Dungeon.
             The game lasted 00:05:56 (1111 turns).

Lavandula the Ruffian (Ghoul Warper)                Turns: 1111, Time: 00:05:57

Health: 0/36       AC:  3    Str: 14    XL:     4   Next: 7%
Magic:  4/5        EV: 11    Int:  9    God:
Gold:   46         SH:  0    Dex:  8    Spells: 2/6 levels left

rFire    . . .     SeeInvis .     - Unarmed
rCold    + . .     Gourm    .   (no shield)
rNeg     + + +     Faith    .   a - +0 leather armour
rPois    ∞         Spirit   .   (no helmet)
rElec    .         Reflect  .   (no cloak)
rCorr    .         Harm     .   (no gloves)
MR       .....                  (no boots)
Stlth    +.........             (no amulet)
HPRegen  0.00/turn              (no ring)
MPRegen  0.09/turn              (no ring)

@: rotting
A: rotting body, claws 1, carnivore 3, cold resistance 1, negative energy
resistance 3, inhibited regeneration, torment resistance, unbreathing
a: no special abilities


You were on level 3 of the Dungeon.
You were not hungry.

You visited 1 branch of the dungeon, and saw 3 of its levels.

You collected 46 gold pieces.

Inventory:

Hand Weapons
 h - a +1 hand axe of chopping
Missiles
 d - a tomahawk of dispersal (quivered)
Armour
 a - a +0 leather armour (worn)
Scrolls
 c - a scroll of immolation {unknown}
 e - 2 scrolls of teleportation
 l - a scroll of enchant weapon
Potions
 g - a potion of lignification {unknown}
 j - 2 potions of berserk rage {unknown}
 m - 2 potions of curing {unknown}
 n - a potion of resistance {unknown}
Books
 b - a book of Spatial Translocations

   Spells                             Type                      Level
   a - Blink                          Translocation                2
   b - Shroud of Golubria             Charms/Translocation         2
   c - Lesser Beckoning               Translocation                3
   d - Gell's Gravitas                Translocation                3
   e - Teleport Other                 Translocation                3
   f - Passage of Golubria            Translocation                4
Comestibles
 f - a meat ration
 i - a royal jelly
 k - 6 chunks of flesh


   Skills:
 - Level 2.1 Fighting
 - Level 0.8 Throwing
 - Level 0.8 Armour
 - Level 1.7 Dodging
 + Level 4.6 Unarmed Combat
 - Level 1.7 Spellcasting
 - Level 2.6 Translocations


You had 2 spell levels left.
You knew the following spells:

 Your Spells              Type           Power        Failure   Level  Hunger
a - Blink                 Tloc           N/A          22%         2    ###....
b - Shroud of Golubria    Chrm/Tloc      #.........   36%         2    ###....


Dungeon Overview and Level Annotations

Branches:
Dungeon (3/15)

Altars:
Okawaru

Annotations:
D:3 Crazy Yiuf


Innate Abilities, Weirdness & Mutations

Your body is rotting away.
You thrive on raw meat.
You are immune to poison.
You have sharp fingernails.
You are carnivorous and can eat meat at any time.
Your flesh is cold resistant. (rC+)
You are immune to negative energy. (rN+++)
You do not regenerate when monsters are visible.
You are immune to unholy pain and torment.
You can survive without breathing.


Message History

Crazy Yiuf is moderately wounded.
Crazy Yiuf closely misses you.
You scratch Crazy Yiuf but do no damage.
Crazy Yiuf is moderately wounded.
Crazy Yiuf misses you.
You claw Crazy Yiuf!
Crazy Yiuf is severely wounded.
Crazy Yiuf hits you with a quarterstaff of chaos.
Crazy Yiuf freezes you.
You scratch Crazy Yiuf but do no damage.
Crazy Yiuf is severely wounded.
Crazy Yiuf hits you with a quarterstaff of chaos!
* * * LOW HITPOINT WARNING * * *
Crazy Yiuf burns you.
* * * LOW HITPOINT WARNING * * *
Eat one of 7 chunks of flesh? (ye/n/q)
You eat one of the 7 chunks of flesh.
You feel more resilient.
This raw flesh tastes great!
Crazy Yiuf hits you with a quarterstaff of chaos!
You die...

#......#
......>.....)......
#..###.#
######...#...######
#..# ###.##.## #..#
###...## #..# #####
#......# # #..#
#..)# ###....####.
#..######## #...#
##.#.....#
##.........# #.g.#
#........
.....####### #@#
######### .#.#.#
##.# # .#<).# #.##
.###.# ##.# .....#
#.## ####.# ##.##
#.####.# #...##
#......# #....#
#.###...# #....#


You could see Crazy Yiuf.

Vanquished Creatures
  3 gnolls (D:3)
  An adder (D:2)
  2 orcs (D:3)
  A giant cockroach (D:1)
  6 goblins
  2 hobgoblins
  2 bats
  A frilled lizard (D:2)
  3 kobolds
  A rat (D:1)
22 creatures vanquished.

Notes
Turn   | Place    | Note
-------+----------+-------------------------------------------
     0 | D:1      | Lavandula the Ghoul Warper began the quest for the Orb.
     0 | D:1      | Reached XP level 1. HP: 17/17 MP: 2/2
   369 | D:2      | Reached skill level 3 in Unarmed Combat
   369 | D:2      | Reached XP level 2. HP: 3/23 MP: 3/3
   475 | D:2      | Learned a level 2 spell: Blink
   478 | D:2      | Learned a level 2 spell: Shroud of Golubria
   978 | D:3      | Reached XP level 3. HP: 29/29 MP: 1/4
   997 | D:3      | Reached skill level 4 in Unarmed Combat
  1008 | D:3      | Reached XP level 4. HP: 36/36 MP: 1/5
  1024 | D:3      | Found an iron altar of Okawaru.
  1093 | D:3      | Found a runed door.
  1098 | D:3      | Noticed Crazy Yiuf
  1111 | D:3      | Slain by Crazy Yiuf

Vault maps used:
D:1:      minmay_arrival_plants_in_alcoves
D:2:      first_bread
D:3:      okawaru_altar_gauntlet_db, uniq_crazy_yiuf_cottage

Skill      XL: |  1  2  3 |
---------------+----------+-----
Unarmed Combat | 3 4 |  4.6
Fighting       | |  2.1
Throwing       | |  0.8
Armour         | |  0.8
Dodging        | |  1.7
Spellcasting   | |  1.7
Translocations | |  2.6

Action                   |  1- 3 |  4- 6 || total
-------------------------+-------+-------++-------
Melee: Unarmed           |    73 |    15 ||    88
       Punch             |     1 |       ||     1
Throw: Tomahawk          |     4 |       ||     4
 Cast: Shroud of Golubri |     2 |     1 ||     3
  Use: Scroll            |     4 |       ||     4
  Eat: Chunk             |    12 |     1 ||    13
Armor: Leather armour    |    19 |     3 ||    22
Dodge: Dodged            |    49 |     7 ||    56

Table legend:
 A = Spawn XP
 B = Non-spawn XP
 C = Spawn XP percentage of total XP
 D = Spawn monster count
 E = Non-spawn monster count
 F = Spawn count percentage of total count
 G = Total turns spent on level
                    A         B        C        D         E        F      G
               +---------+---------+-------+---------+---------+-------+---------
         Total |       0 |      88 |   0.0 |       0 |      22 |   0.0 |  1111
               +---------+---------+-------+---------+---------+-------+---------
           D:1 |       0 |       9 |   0.0 |       0 |       6 |   0.0 |   363
           D:2 |       0 |      21 |   0.0 |       0 |       5 |   0.0 |   424
           D:3 |       0 |      58 |   0.0 |       0 |      11 |   0.0 |   324
               +---------+---------+-------+---------+---------+-------+---------
